 Dungeon Crawl Stone Soup version 0.24-a0-584-g9d6b971 (webtiles) character file.

Game seed: 5573015173270612870, levelgen mode: deterministic

5691 packetloss the Chopper (level 11, -4/83 HPs)
             Began as a Human Conjurer on Sept 3, 2019.
             Was an Initiate of Gozag.
             Slain by a troll (11 damage)
             ... on level 9 of the Dungeon.
             The game lasted 00:56:42 (13677 turns).

packetloss the Chopper (Human Conjurer)            Turns: 13677, Time: 00:56:43

Health: -4/83      AC:  8    Str: 17    XL:     11   Next: 4%
Magic:  18/18      EV: 15    Int: 16    God:    Gozag
Gold:   849        SH:  0    Dex: 13    Spells: 12/19 levels left

rFire    . . .     SeeInvis .   a - +2 hand axe (venom)
rCold    . . .     Gourm    .   (no shield)
rNeg     . . .     Faith    .   L - +0 leather armour (curse)
rPois    .         Spirit   .   (no helmet)
rElec    .         Reflect  .   z - +0 cloak
rCorr    .         Harm     .   (no gloves)
MR       .....                  (no boots)
Stlth    +++.......             (no amulet)
HPRegen  0.23/turn              s - ring of wizardry {Wiz+, !d}
MPRegen  0.16/turn              I - +4 ring of protection

@: mighty
A: no striking features
a: Potion Petition, Call Merchant, Bribe Branch, Renounce Religion


You were on level 9 of the Dungeon.
You worshipped Gozag.
Gozag was pleased with you.
You were not hungry.

You visited 3 branches of the dungeon, and saw 12 of its levels.

You collected 998 gold pieces.
You paid 149 gold pieces to Gozag.

Inventory:

Hand Weapons
 a - a +2 hand axe of venom (weapon)
   (You took it off an orc on level 3 of the Dungeon)
 b - a +1 hunting sling of flaming
   (You took it off a goblin on level 3 of the Dungeon)
 e - a cursed +4 long sword of freezing
   (You took it off a wight on level 9 of the Dungeon)
 v - a +0 short sword
   (You took it off an orc on level 3 of the Dungeon)
 A - a +0 dagger
   (You took it off a kobold on level 1 of the Dungeon)
 F - a +2 flail of protection
   (You took it off an orc on level 3 of the Dungeon)
 Q - a +6 scimitar
   (You took it off a wight on level 7 of the Dungeon)
 S - the cursed +1 rapier "Goblin's Demise" {pain, rN+ Int+4}
   (You found it on level 7 of the Dungeon)

   In the hands of one skilled in necromantic magic, it inflicts extra damage on
   living creatures.
   It affects your intelligence (+4).
   It protects you from negative energy.
   It has a curse placed upon it.
 W - the +7 rapier of Valour {pierce, +Inv Dex+3}
   (You found it on level 8 of the Dungeon)

   It inflicts extra damage upon your enemies.
   It affects your dexterity (+3).
   It lets you turn invisible.
 Z - a +1 war axe of flaming
   (You took it off an orc warrior on level 9 of the Dungeon)
Missiles
 f - 274 stones (quivered)
 g - 57 poisoned darts
 h - 132 arrows
 n - 122 bolts
 w - 39 sling bullets
 G - 4 curare-tipped darts
 U - a throwing net {=f, !d}
Armour
 j - a +0 robe
 t - a +0 buckler
   (You found it on level 2 of the Dungeon)
 z - a +0 cloak (worn)
   (You found it on level 4 of the Dungeon)
 L - a cursed +0 leather armour (worn)
   (You found it on level 5 of the Dungeon)
Jewellery
 s - a ring of wizardry (left hand) {Wiz+, !d}
   (You found it on level 2 of the Dungeon)
 y - an uncursed ring of see invisible {sInv, !d}
   (You found it on level 3 of the Dungeon)
 I - a +4 ring of protection (right hand)
   (You found it on level 4 of the Dungeon)
 M - an uncursed amulet of the gourmand {Gourm, !d}
   (You found it on level 4 of the Dungeon)
 T - a cursed ring of resist corrosion {unknown}
   (You found it on level 8 of the Dungeon)
 V - an uncursed ring of flight {unknown}
   (You found it on level 8 of the Dungeon)
 Y - an uncursed ring of positive energy {unknown}
   (You found it on level 9 of the Dungeon)
Wands
 C - a wand of flame (14)
   (You found it on level 3 of the Dungeon)
 N - a wand of acid (4)
   (You found it on level 5 of the Dungeon)
 R - a wand of iceblast (4)
   (You found it on level 6 of the Dungeon)
Scrolls
 d - 4 scrolls of teleportation
 i - 4 scrolls of remove curse
 k - a scroll of enchant armour {unknown}
 m - a scroll of fog {unknown}
 x - a scroll of enchant weapon {unknown}
 D - 2 scrolls of magic mapping {unknown}
 E - 4 scrolls of immolation {!r}
 J - a scroll of amnesia {unknown}
 K - a scroll of blinking {!r}
 O - a scroll of noise {unknown}
 P - a scroll of fear
 X - a scroll of identify
Potions
 l - 4 potions of curing
 o - 2 potions of might
 p - 2 potions of lignification {!q}
 q - a potion of berserk rage {unknown}
 r - a potion of cancellation {unknown}
 u - a potion of brilliance {unknown}
 B - 4 potions of degeneration {unknown}
 H - 3 potions of flight
Comestibles
 c - 9 rations


   Skills:
 + Level 6.6 Fighting
 + Level 7.1(7.4) Axes
 - Level 3.1(5.5) Maces & Flails
 + Level 2.5 Armour
 + Level 6.7 Dodging
 - Level 6.7 Stealth
 - Level 4.9 Spellcasting
 - Level 5.2 Conjurations
 - Level 4.0 Hexes


You had 12 spell levels left.
You knew the following spells:

 Your Spells              Type           Power        Failure   Level  Hunger
a - Magic Dart            Conj           ###.         1%          1    None
b - Searing Ray           Conj           ###...       1%          2    ##.....
c - Fulminant Prism       Conj/Hex       ###.......   11%         4    ####...

Your spell library contained the following spells:

 Spells                   Type           Power        Failure   Level  Hunger
 Dazzling Spray           Conj/Hex       ###...       3%          3    ###....
 Iskenderun's Mystic Bla  Conj           ###.....     9%          4    ####...
 Cause Fear               Hex            ###.......   14%         4    ####...
 Force Lance              Conj/Tloc      ##......     24%         4    ####...
 Silence                  Hex/Air        ##........   61%         5    ######.
 Yara's Violent Unravell  Hex/Tmut       ##........   61%         5    ######.
 Deflect Missiles         Chrm/Air       #.........   100%        6    #######
 Discord                  Hex            ###.......   100%        8    #######


Dungeon Overview and Level Annotations

Branches:
Dungeon (10/15)            Temple (1/1) D:6            Lair (0/6) D:8
    Orc (1/2) D:9

Altars:
Ashenzari
Dithmenos
Elyvilon
Fedhas
Gozag
Hepliaklqana
Kikubaaqudgha
Makhleb
Nemelex Xobeh
Okawaru
Qazlal
Ru
Sif Muna
Trog
Uskayaw
Vehumet
Wu Jian
Xom
Yredelemnul
Zin
The Shining One

Shops:
D:7 *   D:9 [

Annotations:
D:7 Joseph


Message History

You climb upwards.
Welcome back to the Dungeon!
Reactivating autopickup.
There is a staircase to the Orcish Mines here.
You hit the orc warrior but do no damage.
The orc warrior is poisoned.
The orc warrior closely misses you.
Spoiler Alert: The orc warrior can hit for high damage!
You hit the orc warrior but do no damage.
The orc warrior hits you with a +1 war axe of flaming!
The orc warrior burns you.
You take 12 damage, and have 62/83 hp.
You completely miss the orc warrior. The orc warrior closely misses you.
The orc warrior hits you with a +1 war axe of flaming.
The orc warrior burns you.
Spoiler Alert: The orc warrior can hit for high damage!
You take 4 damage, and have 59/83 hp.
The orc warrior becomes distracted by your gold, dreaming of imaginary riches.
Spoiler Alert: The orc warrior (unaware) can hit for high damage!
Spoiler Alert: The orc warrior (unaware) can hit for high damage!
Spoiler Alert: The orc warrior (unaware) can hit for high damage!
You conjure a prism of explosive energy!
The orc warrior shouts!
Spoiler Alert: The orc warrior can hit for high damage!
You now have 9/18 mp.
Your fulminant prism crackles loudly.
There is an open door here.
You are near starving!
The orc warrior is no longer distracted by gold.
The blast of energy engulfs the orc warrior!
You kill the orc warrior!
Unknown command.
There is an open door here.
You now have 849 gold pieces (gained 3).
Things that are here:
a +1 war axe of flaming; a +0 chain mail
Z - a +1 war axe of flaming You eat one of the 10 rations.
That ration really hit the spot!
There is a staircase to the Orcish Mines here.
You start resting.
You regained 4 hp, and now have 67/83 hp.
You regained 3 mp, and now have 14/18 mp.
You start resting.
You regained 6 hp, and now have 73/83 hp.
MP restored: 18 You start resting.
Health restored: 83 You climb downwards.
Welcome back to the Orcish Mines!
The troll completely misses you. The troll barely misses you.
The troll closely misses you.
There is a staircase back to the Dungeon here.
Spoiler Alert: The troll can hit for high damage in melee, and regenerates quickly!
Unknown command.
Spoiler Alert: The troll can hit for high damage in melee, and regenerates quickly!
Unknown command.
Spoiler Alert: The troll can hit for high damage in melee, and regenerates quickly!
You hit the troll but do no damage. The troll bites you!! The troll claws you.
The troll claws you!
Spoiler Alert: The troll can hit for high damage in melee, and regenerates quickly!
You take 30 damage, and have 53/83 hp.
MASSIVE DAMAGE!!
The troll bites you. The troll claws you! The troll barely misses you.
You climb upwards.
Welcome back to the Dungeon!
There is a staircase to the Orcish Mines here.
Spoiler Alert: The troll can hit for high damage in melee, and regenerates quickly!
You take 11 damage, and have 42/83 hp.
Unknown command.
Spoiler Alert: The troll can hit for high damage in melee, and regenerates quickly!
Spoiler Alert: The troll can hit for high damage in melee, and regenerates quickly!
The troll bites you! The troll claws you but does no damage.
The troll misses you.
Spoiler Alert: The troll can hit for high damage in melee, and regenerates quickly!
You take 15 damage, and have 27/83 hp.
Unknown command.
Spoiler Alert: The troll can hit for high damage in melee, and regenerates quickly!
Spoiler Alert: The troll can hit for high damage in melee, and regenerates quickly!
Spoiler Alert: The troll can hit for high damage in melee, and regenerates quickly!
Spoiler Alert: The troll can hit for high damage in melee, and regenerates quickly!
You feel very mighty all of a sudden. The troll closely misses you.
The troll completely misses you. The troll claws you but does no damage.
Spoiler Alert: The troll can hit for high damage in melee, and regenerates quickly!
Unknown command.
Spoiler Alert: The troll can hit for high damage in melee, and regenerates quickly!
Unknown command.
Spoiler Alert: The troll can hit for high damage in melee, and regenerates quickly!
You closely miss the troll. The troll barely misses you.
The troll closely misses you. The troll claws you!
* * * LOW HITPOINT WARNING * * *
Spoiler Alert: The troll can hit for high damage in melee, and regenerates quickly!
You take 6 damage, and have 22/83 hp.
Unknown command.
Spoiler Alert: The troll can hit for high damage in melee, and regenerates quickly!
You hit the troll.
The troll is poisoned.
Spoiler Alert: The troll can hit for high damage in melee, and regenerates quickly!
Unknown command.
Spoiler Alert: The troll can hit for high damage in melee, and regenerates quickly!
You closely miss the troll. The troll bites you!
* * * LOW HITPOINT WARNING * * *
The troll barely misses you. The troll claws you!
You die...
Your body crumbles into a pile of gold.

#.........#
#.........#
#.........#
#..>..[...'
#.........#
#.........#
#######.........#
#......T........#
..#.#.#@##'######
...[....##.#
..#.#.#.##.#
........##.# ###
..#.#.#.##'####..
..............#.#
.##..##.......#.#
..............'.#
#######.......###


You could see a troll.

Vanquished Creatures
  Prince Ribbit (D:7)
  A basilisk (D:8)
  8 yaks
  Grum (D:8)
  A warg (Orc:1)
  2 porcupines (D:8)
  An ice beast (D:8)
  2 orc warriors (D:9)
  A black bear (D:7)
  4 ogres
  A sky beast (D:8)
  2 wolves
  4 centaurs
  2 crocodiles (D:8)
  A big kobold (D:8)
  6 bullfrogs
  3 scorpions
  6 killer bees
  6 wights
  2 howler monkeys
  A crimson imp (D:4)
  A bullfrog zombie (D:8)
  7 hounds
  6 jellies
  2 orc priests
  4 orc wizards
  A centaur skeleton (D:5)
  3 iguanas
  6 worker ants
  A worker ant zombie (D:5)
  A howler monkey skeleton (D:8)
  6 gnolls
  5 adders
  2 shadow imps
  An adder zombie (D:7)
  5 oozes (D:8)
  2 adder skeletons
  A worm (D:2)
  3 dart slugs
  4 leopard geckos
  22 orcs
  4 giant cockroaches
  6 goblins
  4 hobgoblins
  7 jackals
  A quokka (D:4)
  2 ball pythons
  9 bats
  4 frilled lizards
  12 kobolds
  7 rats
  5 fungi (D:6)
  A plant (D:6)
201 creatures vanquished.

Vanquished Creatures (others)
  An orc (D:9)
  A quokka (D:9)
  41 fulminant prisms
  4 fungi (D:8)
  15 plants (D:8)
62 creatures vanquished.

Grand Total: 263 creatures vanquished

Notes
Turn   | Place    | Note
-------+----------+-------------------------------------------
     0 | D:1      | packetloss the Human Conjurer began the quest for the Orb.
     0 | D:1      | Reached XP level 1. HP: 13/13 MP: 3/3
   294 | D:1      | Reached XP level 2. HP: 19/19 MP: 0/5
   344 | D:1      | Learned a level 2 spell: Searing Ray
  1044 | D:2      | Reached XP level 3. HP: 24/24 MP: 4/6
  1634 | D:2      | Reached skill level 1 in Fighting
  1634 | D:2      | Reached XP level 4. HP: 29/32 MP: 1/7
  1643 | D:2      | Learned a level 4 spell: Fulminant Prism
  1894 | D:3      | Found an ornate altar of the Wu Jian Council.
  2156 | D:3      | Reached skill level 5 in Conjurations
  2462 | D:3      | Reached skill level 1 in Hexes
  2578 | D:3      | Reached XP level 5. HP: 37/37 MP: 5/9
  2581 | D:3      | Reached skill level 3 in Spellcasting
  3069 | D:4      | Reached skill level 1 in Maces & Flails
  3069 | D:4      | Reached skill level 2 in Hexes
  3243 | D:4      | Reached XP level 6. HP: 41/43 MP: 5/10
  3545 | D:4      | Reached skill level 2 in Maces & Flails
  3634 | D:4      | Reached skill level 3 in Hexes
  3639 | D:4      | Noticed an ogre
  3883 | D:4      | Found a basalt altar of Yredelemnul.
  4053 | D:5      | Entered Level 5 of the Dungeon
  4167 | D:5      | Reached skill level 3 in Maces & Flails
  4167 | D:5      | Reached XP level 7. HP: 33/48 MP: 4/11
  4268 | D:4      | Reached skill level 1 in Axes
  4368 | D:4      | Reached skill level 4 in Hexes
  4413 | D:5      | Found a shimmering altar of Xom.
  4552 | D:5      | Reached skill level 2 in Axes
  4580 | D:5      | HP: 12/48 [orc (3)]
  4860 | D:5      | HP: 2/48 [centaur/arrow (12)]
  4861 | D:5      | Reached skill level 3 in Axes
  5515 | D:5      | Reached XP level 8. HP: 53/54 MP: 1/12
  5611 | D:5      | Reached skill level 4 in Axes
  6498 | D:7      | Found Gozag's Platinum Reserve.
  6507 | D:7      | Found an opulent altar of Gozag.
  6588 | D:6      | HP: 13/54 [poisoned by a killer bee]
  6594 | D:6      | HP: 10/54 [poisoned by a killer bee]
  6600 | D:6      | HP: 8/54 [poisoned by a killer bee]
  6608 | D:6      | HP: 8/54 [poisoned by a killer bee]
  6616 | D:6      | HP: 7/54 [poisoned by a killer bee]
  6878 | D:8      | Noticed Grum
  6892 | D:7      | HP: 13/54 [poisoned by a killer bee]
  6897 | D:7      | HP: 11/54 [poisoned by a killer bee]
  6902 | D:7      | HP: 9/54 [poisoned by a killer bee]
  6908 | D:7      | HP: 8/54 [poisoned by a killer bee]
  6916 | D:7      | HP: 7/54 [poisoned by a killer bee]
  7156 | D:6      | Reached skill level 5 in Axes
  7268 | D:6      | Reached skill level 6 in Axes
  7538 | D:6      | Found a blossoming altar of Fedhas.
  8014 | D:6      | Found a staircase to the Ecumenical Temple.
  8023 | Temple   | Entered the Ecumenical Temple
  8295 | D:7      | Reached skill level 2 in Fighting
  8408 | D:7      | Reached skill level 3 in Fighting
  8434 | D:7      | Reached XP level 9. HP: 50/64 MP: 13/13
  8696 | D:7      | Noticed Prince Ribbit
  8721 | D:7      | Reached skill level 4 in Fighting
  8848 | D:7      | Reached skill level 5 in Fighting
  8871 | D:7      | Noticed Joseph
  9917 | D:7      | Became a worshipper of Gozag Ym Sagoz the Greedy
  9928 | D:7      | Reached skill level 3 in Stealth
  9950 | D:7      | Killed Prince Ribbit
  9950 | D:7      | Reached skill level 3 in Dodging
  9990 | D:7      | Got a slimy rapier
  9991 | D:7      | Identified the cursed +1 rapier "Goblin's Demise" {pain,
                  | rN+ Int+4} (You found it on level 7 of the Dungeon)
 10192 | D:8      | Killed Grum
 10192 | D:8      | Reached skill level 4 in Stealth
 10210 | D:7      | Reached skill level 4 in Dodging
 10249 | D:7      | HP: 16/69 [Joseph/sling bullet (3)]
 10638 | D:9      | Found Ziamobra's Armour Emporium.
 10693 | D:10     | Entered Level 10 of the Dungeon
 10860 | D:8      | Reached skill level 5 in Stealth
 10860 | D:8      | Reached XP level 10. HP: 70/76 MP: 6/14
 10948 | D:9      | Found a white marble altar of Elyvilon.
 11299 | D:8      | Reached skill level 5 in Dodging
 11333 | D:8      | Got a slimy rapier
 11334 | D:8      | Identified the +7 rapier of Valour {pierce, +Inv Dex+3}
                  | (You found it on level 8 of the Dungeon)
 11461 | D:8      | Reached skill level 4 in Spellcasting
 11593 | D:8      | Reached skill level 6 in Stealth
 11619 | D:8      | HP: 19/76 [porcupine (13)]
 11626 | D:8      | HP: 15/76 [basilisk (5)]
 12298 | D:8      | Reached skill level 6 in Dodging
 12304 | D:8      | Reached skill level 6 in Fighting
 12317 | D:8      | Reached skill level 1 in Armour
 12338 | D:8      | Found a staircase to the Lair.
 12659 | D:9      | Found a staircase to the Orcish Mines.
 13020 | D:9      | Found a glowing silver altar of Zin.
 13172 | D:9      | Found a burning altar of Makhleb.
 13173 | D:9      | Found a shadowy altar of Dithmenos.
 13173 | D:9      | Found a bloodstained altar of Trog.
 13313 | D:9      | Reached skill level 2 in Armour
 13441 | D:9      | Reached skill level 7 in Axes
 13441 | D:9      | Reached XP level 11. HP: 77/83 MP: 18/18
 13499 | Orc:1    | Entered Level 1 of the Orcish Mines
 13677 | D:9      | HP: 7/83 [troll (15)]
 13677 | D:9      | Slain by a troll

Levels and vault maps discovered:
D:1:      enne_arrival_octagon_isle, layout_basic
D:2:      layout_basic, minivault_25, minmay_misc_feat_hallway
D:3:      layout_basic, nicolae_overflow_crystal_walls
D:4:      layout_loops_corners, kennysheep_mini, first_ration
D:5:      layout_cave_pools, xom_confusion_cloud, serial_co_window_serial,
          co_window_corner_a, co_window_paths_a, co_window_corner_a,
          co_window_paths_b, co_window_of_opportunity_a, co_window_paths_b,
          co_window_paths_b, co_window_2corner, co_window_2corner,
          co_window_broadway_c, co_window_broadway_a, co_window_paths_e,
          glass_columns_c, glass_columns_b, glass_columns_a, glass_columns_a
D:6:      layout_basic, fedhas_altar_3, minmay_temple_entry_poolview
D:7:      layout_basic, nicolae_gozag_zags_fifth_avenue, serial_curves,
          eino_curves_03, eino_curves_02, uniq_joseph, uniq_prince_ribbit1
D:8:      layout_gridville, minmay_lair_entry_grove,
          hangedman_little_slice_of_home, uniq_grum
D:9:      layout_roguey, chequers_temple_overflow_statue_of_worship,
          slow_altar_2, elyvilon_altar_4, lemuel_doored_altar, serial_shops,
          shop, serial_glass, glass_columns_c, glass_columns_c, glass_columns_a,
          glass_columns_b, glass_columns_c, glass_columns_a, cheibriados_altar_1
D:10:     layout_loops_cross, nicolae_straight_to_the_point
Temple:   minmay_temple_curvy_loop
Orc:1:    gammafunk_beogh_shrine, layout_diamond_mine

Skill      XL: |  1  2  3  4  5  6  7  8  9 10 |
---------------+-------------------------------+-----
Fighting       | 1 3 5 6 |  6.6
Conjurations   | 5 |  5.2
Hexes          | 1 2 3 4 |  4.0
Spellcasting   | 3 4 |  4.9
Maces & Flails | 1 3 |  3.1
Axes           | 3 6 7 |  7.1
Stealth        | 5 6 |  6.7
Dodging        | 4 6 |  6.7
Armour         | 2 |  2.5

Action                   |  1- 3 |  4- 6 |  7- 9 | 10-12 || total
-------------------------+-------+-------+-------+-------++-------
Melee: Dagger            |    31 |       |       |       ||    31
       Hand axe          |       |     8 |   146 |   116 ||   270
 Fire: Hunting sling     |       |    26 |    14 |       ||    40
Throw: Stone             |       |       |    27 |     1 ||    28
 Cast: Magic Dart        |    61 |    42 |    77 |    44 ||   224
       Searing Ray       |     3 |    10 |    19 |     6 ||    38
       Fulminant Prism   |       |     1 |    20 |    20 ||    41
  Use: Scroll            |       |     2 |    11 |     3 ||    16
       Potion            |       |       |     1 |     2 ||     3
 Stab: Distracted        |       |       |       |     1 ||     1
  Eat: Chunk             |     3 |     9 |     7 |       ||    19
       Ration            |       |       |     6 |     4 ||    10
Armor: Robe              |    10 |     5 |    31 |       ||    46
       Leather armour    |       |       |     4 |    30 ||    34
Dodge: Dodged            |    44 |    25 |   144 |    73 ||   286

Table legend:
 A = Non-vault XP
 B = Vault XP
 C = Vault XP percentage of total XP
 D = Non-vault monster count
 E = Vault monster count
 F = Vault count percentage of total count
                 A         B        C        D         E       F
            +---------+---------+-------+---------+---------+-------
      Total |    5237 |    2894 |  35.6 |     163 |      32 |  16.4
            +---------+---------+-------+---------+---------+-------
        D:1 |      24 |       0 |   0.0 |      15 |       0 |   0.0
        D:2 |      51 |       0 |   0.0 |      21 |       0 |   0.0
        D:3 |     150 |       0 |   0.0 |      25 |       0 |   0.0
        D:4 |     323 |      45 |  12.2 |      14 |       1 |   6.7
        D:5 |     337 |     147 |  30.4 |      14 |       7 |  33.3
        D:6 |     798 |       0 |   0.0 |      19 |       0 |   0.0
        D:7 |    1019 |     407 |  28.5 |      22 |       2 |   8.3
        D:8 |     977 |    2295 |  70.1 |      18 |      22 |  55.0
        D:9 |    1263 |       0 |   0.0 |      12 |       0 |   0.0
       D:10 |     130 |       0 |   0.0 |       2 |       0 |   0.0
      Orc:1 |     165 |       0 |   0.0 |       1 |       0 |   0.0
            +---------+---------+-------+---------+---------+-------

Levels and vault maps discovered:
D:1:      enne_arrival_octagon_isle, layout_basic
D:2:      layout_basic, minivault_25, minmay_misc_feat_hallway
D:3:      layout_basic, nicolae_overflow_crystal_walls
D:4:      layout_loops_corners, kennysheep_mini, first_ration
D:5:      layout_cave_pools, xom_confusion_cloud, serial_co_window_serial,
          co_window_corner_a, co_window_paths_a, co_window_corner_a,
          co_window_paths_b, co_window_of_opportunity_a, co_window_paths_b,
          co_window_paths_b, co_window_2corner, co_window_2corner,
          co_window_broadway_c, co_window_broadway_a, co_window_paths_e,
          glass_columns_c, glass_columns_b, glass_columns_a, glass_columns_a
D:6:      layout_basic, fedhas_altar_3, minmay_temple_entry_poolview
D:7:      layout_basic, nicolae_gozag_zags_fifth_avenue, serial_curves,
          eino_curves_03, eino_curves_02, uniq_joseph, uniq_prince_ribbit1
D:8:      layout_gridville, minmay_lair_entry_grove,
          hangedman_little_slice_of_home, uniq_grum
D:9:      layout_roguey, chequers_temple_overflow_statue_of_worship,
          slow_altar_2, elyvilon_altar_4, lemuel_doored_altar, serial_shops,
          shop, serial_glass, glass_columns_c, glass_columns_c, glass_columns_a,
          glass_columns_b, glass_columns_c, glass_columns_a, cheibriados_altar_1
D:10:     layout_loops_cross, nicolae_straight_to_the_point
Temple:   minmay_temple_curvy_loop
Orc:1:    gammafunk_beogh_shrine, layout_diamond_mine

Table legend:
 A = Turns spent in this place as a percentage of turns spent in the entire game.
 B = Non-inter-level travel turns spent in this place as a percentage of non-inter-level travel turns spent in the entire game.
 C = Inter-level travel turns spent in this place as a percentage of turns spent in this place.
 D = Turns resting spent in this place as a percentage of non-inter-level travel turns spent in this place.
 E = Turns spent auto-exploring this place as a percentage of non-inter-level travel turns spent in this place.
 F = Non-inter-level travel turns spent in this place divided by the number of levels of this place that you've seen.
                   A       B       C       D       E      F
               +-------+-------+-------+-------+-------+----------------------
         Total | 100.0 | 100.0 |   5.0 |  32.2 |  25.2 | 1082.7
       Dungeon |  98.1 |  98.1 |   5.0 |  32.8 |  24.3 | 1274.8
        Temple |   1.5 |   1.4 |   9.4 |   0.0 |  96.7 | 184.0
  Orcish Mines |   0.4 |   0.5 |   0.0 |   0.0 |   0.0 |  60.0
               +-------+-------+-------+-------+-------+----------------------

Table legend:
 A = Kills in this place as a percentage of kills in entire the game.
 B = Kills by you in this place as a percentage of kills by you in the entire game.
 C = Kills by friends in this place as a percentage of kills by friends in the entire game.
 D = Other kills in this place as a percentage of other kills in the entire game.
 E = Experience gained in this place as a percentage of experience gained in the entire game.
 F = Experience gained in this place divided by the number of levels of this place that you have seen.
                   A       B       C       D       E      F
               +-------+-------+-------+-------+-------+----------------------
         Total | 100.0 | 100.0 |   N/A |   N/A | 100.0 | 677.6
       Dungeon |  99.5 |  99.5 |   N/A |   N/A |  98.0 | 796.6
  Orcish Mines |   0.5 |   0.5 |   N/A |   N/A |   2.0 | 165.0
               +-------+-------+-------+-------+-------+----------------------
